AoeStats
← 哈哈哈我不是数字名字

Baltic

510514380Analyzed
4v4 RM · 16h ago on Oct 1, 2026· 80m 4s· 8 players
Game mode
Random Map
Map size
Large (8 player)
Population
200
Speed
Normal
Resources
Standard
Victory
Conquest
Starting age
Dark Age
Ending age
Imperial Age
RankedLock teamsTeams togetherTeam positionsShared explorationLock speedFull tech treeHidden civsTurbo modeCheats
Victory
Defeat
🇨🇳 Maya · China
955
+12
🇮🇹 Mongols · Italy
933
+12
🇪🇸 Lithuanians · Spain
900
+14
🇭🇰 Persians · Hong Kong SAR China
880
+15
898
-16
🇨🇳 Malay · China
860
-13
🇨🇳 Wu · China
859
-13
792
-11
旺旺
10:28 Feudal Age
11:12 Double-Bit Axe
18:33 Castle Age
16:44 Stone Mining
17:32 Gold Mining
19:24 Bow Saw
18:58 Horse Collar
28:45 Imperial Age
27:01 Scale Barding Armor
27:49 Forging
27:44 Scale Mail Armor
28:05 Chain Barding Armor
29:13 Iron Casting
28:39 Arson
28:54 Squires
28:16 Pikeman
30:32 Wheelbarrow
30:27 Husbandry
32:42 Two-Man Saw
31:47 Heavy Plow
32:42 Bloodlines
33:17 Crop Rotation
33:11 Chain Mail Armor
37:33 Plate Barding Armor
37:43 Gold Shaft Mining
38:36 Cavalier
40:22 Hand Cart
43:13 Blast Furnace
42:43 Plate Mail Armor
41:41 Halberdier
44:19 Conscription
44:13 Savar
47:59 Elite War Elephant
65:47 Siphons
65:11 Demolition Ship
65:31 Heavy Demolition Ship
66:56 Incendiaries
67:19 Medium Warships
67:59 Guilds
68:20 Coinage
71:22 Banking
70:53 Caravan
71:44 Ballistics
72:25 Chemistry
76:07 Elite Cannon Galleon
77:05 Medium Warships
78:04 Heavy Warships
i am a beginner
0:29 Loom
8:51 Feudal Age
9:23 Double-Bit Axe
15:58 Wheelbarrow
17:59 Castle Age
16:26 Horse Collar
17:35 Town Watch
18:57 Stone Mining
20:22 Squires
20:07 Arson
22:18 Eagle Warrior
24:54 Gold Mining
27:02 Forging
31:13 Iron Casting
30:38 Scale Mail Armor
31:04 Hand Cart
36:34 Imperial Age
34:05 Town Patrol
35:17 Stone Shaft Mining
35:01 Bow Saw
34:54 Heavy Plow
37:43 Block Printing
38:08 Theocracy
38:31 Elite Eagle Warrior
40:20 Blast Furnace
39:35 Chain Mail Armor
42:32 Plate Mail Armor
42:53 Treadmill Crane
43:26 Masonry
43:40 Capped Ram
44:28 Fletching
44:38 Padded Archer Armor
44:36 Siege Ram
45:50 Conscription
46:03 Holcans
45:38 Pikeman
46:11 Halberdier
54:44 Man-at-Arms
55:59 Bodkin Arrow
56:20 Leather Archer Armor
57:04 Elite Plumed Archer
58:23 Ballistics
58:23 Bracer
58:38 Leather Archer Armor
58:44 Leather Archer Armor
60:58 Ring Archer Armor
63:59 Chemistry
71:12 Architecture
77:07 Medium Warships
小琰
10:42 Feudal Age
16:16 Castle Age
14:41 Double-Bit Axe
18:01 Horse Collar
24:42 Town Watch
30:33 Imperial Age
28:48 Wheelbarrow
30:56 Hand Cart
30:41 Town Patrol
30:26 Loom
32:26 Chemistry
31:46 Ballistics
31:24 Gold Mining
31:24 Stone Mining
32:54 Conscription
32:05 Elite Mangudai
33:21 Bow Saw
33:54 Gold Shaft Mining
33:09 Stone Mining
35:39 Forging
35:29 Scale Mail Armor
35:34 Scale Barding Armor
35:30 Padded Archer Armor
35:20 Fletching
35:30 Padded Archer Armor
35:20 Fletching
37:29 Stone Shaft Mining
37:53 Heavy Plow
38:11 Chain Mail Armor
38:31 Iron Casting
38:17 Chain Barding Armor
37:56 Herbal Medicine
38:40 Arson
38:55 Squires
38:15 Pikeman
38:18 Onager
40:04 Parthian Tactics
39:45 Thumb Ring
39:02 Elite Skirmisher
39:55 Husbandry
40:05 Bloodlines
39:16 Cavalier
42:23 Blast Furnace
41:53 Plate Mail Armor
41:39 Leather Archer Armor
41:19 Bodkin Arrow
41:39 Leather Archer Armor
43:42 Siege Engineers
43:33 Murder Holes
49:41 Bracer
52:04 Caravan
52:34 Coinage
54:49 Drill
54:30 Nomads
56:23 Banking
58:04 Elite Steppe Lancer
62:35 Hoardings
61:50 Sappers
61:42 Spies/Treason
64:47 Demolition Ship
65:37 Medium Warships
65:45 Heavy Demolition Ship
gabrissss
9:13 Loom
11:45 Feudal Age
12:38 Man-at-Arms
19:34 Castle Age
17:31 Double-Bit Axe
19:04 Horse Collar
19:36 Stone Mining
21:36 Bow Saw
26:05 Scale Barding Armor
27:52 Forging
33:37 Chain Barding Armor
38:24 Imperial Age
36:30 Wheelbarrow
39:04 Hand Cart
39:52 Pikeman
40:32 Squires
40:36 Scale Mail Armor
40:36 Padded Archer Armor
43:36 Chemistry
43:14 Tower Shields
43:35 Conscription
44:43 Two-Man Saw
44:28 Heavy Plow
43:57 Cavalier
46:09 Crop Rotation
45:54 Light Cavalry
47:07 Husbandry
48:42 Caravan
49:13 Coinage
53:40 Plate Barding Armor
53:57 Iron Casting
53:25 Elite Skirmisher
55:23 Banking
56:27 Ballistics
56:03 Murder Holes
57:18 Guilds
58:00 Gold Mining
58:53 Halberdier
62:54 Town Watch
63:28 Chain Mail Armor
63:04 Fletching
64:46 Bloodlines
66:31 Medium Warships
65:53 Elite Cannon Galleon
77:55 Heavy Warships
哈哈哈我不是数字名字
3:25 Loom
12:19 Feudal Age
12:45 Double-Bit Axe
13:38 Wheelbarrow
12:46 Horse Collar
14:07 Gold Mining
14:10 Stone Mining
20:52 Castle Age
21:49 Hand Cart
21:38 Heavy Plow
21:54 Bow Saw
23:30 Gold Shaft Mining
28:09 Imperial Age
27:24 Medium Warships
27:57 Padded Archer Armor
27:53 Fletching
29:42 Heavy Warships
30:39 Ballistics
30:34 Masonry
30:32 Bodkin Arrow
32:08 Elite Cannon Galleon
33:34 Leather Archer Armor
34:33 Squires
35:50 Elite Janissary
36:38 Arson
37:52 Scale Mail Armor
38:02 Forging
38:23 Ring Archer Armor
42:45 Bracer
43:23 Iron Casting
46:21 Bloodlines
46:12 Husbandry
48:29 Blast Furnace
47:35 Scale Barding Armor
47:46 Chain Mail Armor
砍德沃.基尔邦硬.香达菲基
3:13 Loom
10:43 Feudal Age
14:48 Man-at-Arms
15:50 Double-Bit Axe
21:01 Castle Age
22:00 Squires
21:24 Long Swordsman
23:47 Bow Saw
30:31 Imperial Age
28:45 Pikeman
32:46 Two-Man Saw
32:07 Fletching
33:05 Conscription
33:31 Scale Mail Armor
33:42 Forging
36:41 Chain Mail Armor
37:01 Iron Casting
39:19 Plate Mail Armor
38:49 Town Watch
39:08 Murder Holes
42:25 Hoardings
50:09 Treadmill Crane
54:32 Block Printing
54:29 Fervor
60:25 Town Patrol
星玖
11:36 Feudal Age
11:32 Loom
15:52 Castle Age
14:02 Double-Bit Axe
16:21 Fishing Lines
19:06 Medium Warships
18:50 Horse Collar
22:09 Gillnets
23:25 Fletching
24:08 Stone Mining
24:10 Gold Mining
24:36 Bow Saw
25:34 Gold Shaft Mining
25:51 Heavy Plow
25:42 Treadmill Crane
26:48 Stone Shaft Mining
30:07 Imperial Age
28:31 Wheelbarrow
28:59 Fletching
29:31 Ballistics
29:23 Clinker Construction
29:58 Hand Cart
31:04 Bodkin Arrow
32:08 Conscription
31:51 Sitting Tiger
33:03 Chemistry
32:26 Carvel Hull
33:25 Bracer
34:35 Two-Man Saw
35:31 Squires
40:40 Caravan
40:17 Elite Fire Archer
41:43 Masonry
42:46 Arson
45:33 Forging
45:24 Scale Mail Armor
45:24 Padded Archer Armor
46:01 Architecture
50:13 Pikeman
52:13 Iron Casting
51:55 Chain Mail Armor
51:57 Leather Archer Armor
51:17 Halberdier
53:59 Blast Furnace
55:51 Plate Mail Armor
咖喱棒
5:39 Loom
11:10 Feudal Age
17:57 Castle Age
16:31 Fishing Lines
17:08 Forging
16:49 Double-Bit Axe
18:47 Gold Mining
18:41 Horse Collar
18:55 Town Watch
26:45 Gold Shaft Mining
27:26 Stone Mining
27:46 Scale Barding Armor
27:46 Husbandry
28:01 Forging
29:50 Wheelbarrow
30:02 Wheelbarrow
30:19 Iron Casting
30:18 Ballistics
29:43 Treadmill Crane
30:19 Gillnets
33:32 Devotion
33:58 Murder Holes
36:35 Heavy Plow
38:12 Masonry
41:48 Imperial Age
41:17 Elite Battle Elephant
42:18 Hand Cart
42:45 Medium Warships
43:17 Squires
42:38 Man-at-Arms
44:23 Blast Furnace
45:04 Conscription
51:08 Forced Levy
50:33 Long Swordsman
52:15 Two-Handed Swordsman
52:59 Pikeman
53:55 Halberdier
Connection lost

Rejoining the realm…

Still unreachable

The connection could not be restored.

Session expired

The server has moved on; the page needs a fresh start.